 Dungeon Crawl Stone Soup version 0.30.1-4-g462c640d31 (webtiles) character file.

Game seed: 11731097459156125255

72 gohan83 the Trooper (level 4, 0/35 HPs)
             Began as a Human Fighter on Sept 2, 2023.
             Slain by a jackal (3 damage)
             ... on level 3 of the Dungeon.
             The game lasted 00:24:02 (2686 turns).

gohan83 the Trooper (Human Fighter)                 Turns: 2686, Time: 00:24:03

Health: 0/35       AC:  8    Str: 16    XL:     4   Next: 48%
Magic:  4/4        EV:  9    Int:  8    God:
Gold:   104        SH:  5    Dex: 15    Spells: 3/3 levels left

rFire   . . .        h - +0 spear
rCold   . . .        c - +0 buckler
rNeg    . . .        b - +0 scale mail
rPois   .            (no helmet)
rElec   .            (no cloak)
rCorr   .            q - +0 pair of gloves
SInv    .            (no boots)
Will    .....        (no amulet) Stlth
                     (no ring)
HPRegen 0.25/turn    (no ring)
MPRegen 0.09/turn

%: no passive effects
@: no status effects
A: no striking features
a: no special abilities


You were on level 3 of the Dungeon.
You visited 1 branch of the dungeon, and saw 3 of its levels.

You collected 104 gold pieces.

Inventory:

Hand Weapons
 a - a +0 flail
 f - a +0 club
 h - a +0 spear (weapon)
 l - a +0 dagger
 m - a +0 dagger
Missiles
 e - 30 stones (quivered)
Armour
 b - a +0 scale mail (worn)
 c - a +0 buckler (worn)
 q - a +0 pair of gloves (worn)
Wands
 s - a wand of polymorph (8)
Scrolls
 i - 3 scrolls of poison {unknown}
 j - 3 scrolls of identify {unknown}
 n - a scroll of blinking {unknown}
 o - a scroll of enchant weapon {unknown}
 r - a scroll of vulnerability {unknown}
 t - a scroll of magic mapping {unknown}
Potions
 d - a potion of might
 g - 3 potions of mutation {unknown}
 k - a potion of resistance {unknown}
 p - a potion of lignification {unknown}


   Skills:
 + Level 3.5 Fighting
 + Level 2.1 Maces & Flails
 + Level 1.5 Polearms
 + Level 3.5 Armour
 + Level 0.8 Dodging
 + Level 0.1 Stealth
 + Level 3.3 Shields


You had 3 spell levels left.
You didn't know any spells.
Your spell library contained the following spells:

 Spells                   Type           Power      Damage    Failure   Level
 Scorch                   Fire           0%         2d5       96%         2
 Flame Wave               Conj/Fire      0%         2d4       100%        4
 Summon Cactus Giant      Summ           0%         N/A       100%        6


Dungeon Overview and Level Annotations

Branches:
Dungeon (3/15)

Altars:


Message History

You closely miss the jackal.
The jackal is almost dead.
The jackal bites you but does no damage.
The jackal bites you.
* * * LOW HITPOINT WARNING * * *
The jackal completely misses you. The jackal barely misses you.
Unknown command.
You barely miss the jackal.
The jackal is almost dead.
The jackal closely misses you. The jackal bites you.
* * * LOW HITPOINT WARNING * * *
The jackal barely misses you. x2; The jackal closely misses you.
You hit the jackal.
You kill the jackal!
The jackal bites you.
* * * LOW HITPOINT WARNING * * *
The jackal barely misses you.
You hit the jackal but do no damage. The jackal barely misses you.
The jackal closely misses you.
The jackal bites you but does no damage.
The jackal barely misses you.
You completely miss the jackal. The jackal barely misses you.
You block the jackal's attack.
The jackal bites you but does no damage.
You hit the jackal.
The jackal is moderately wounded.
The jackal misses you. You block the jackal's attack.
The jackal closely misses you.
You hit the jackal but do no damage.
The jackal bites you but does no damage.
The jackal misses you. The jackal barely misses you.
The jackal bites you but does no damage.
You hit the jackal.
The jackal is heavily wounded.
The jackal bites you but does no damage.
The jackal closely misses you.
You hit the jackal.
The jackal is severely wounded.
You block the jackal's attack. The jackal bites you.
You die...

...##.....##...
...............
...............
.............. #....<.......
###............
......†)....... #...h@.......
##..h........ ##......#...
.#. ####.........## #..#
#......#.#..... # #..#
#.>.÷.........# ..
#..###......#.###..# ...
#........#....# #..#######
##.##..##..#.###...##..#.....


You could see 2 jackals.

Vanquished Creatures
  A gnoll (D:1)
  A dart slug (D:1)
  An orc (D:3)
  9 endoplasms
  3 giant cockroaches (D:2)
  4 goblins
  5 hobgoblins
  6 jackals
  A quokka (D:3)
  8 ball pythons
  6 bats
  2 frilled lizards (D:1)
  3 kobolds
  A rat (D:2)
51 creatures vanquished.

Notes
Turn   | Place    | Note
-------+----------+-------------------------------------------
     0 | D:1      | gohan83 the Human Fighter began the quest for the Orb.
     0 | D:1      | Reached XP level 1. HP: 18/18 MP: 1/1
   556 | D:1      | Reached XP level 2. HP: 3/24 MP: 2/2
   888 | D:1      | Reached XP level 3. HP: 29/29 MP: 3/3
  1558 | D:2      | Reached skill level 1 in Polearms
  1652 | D:2      | Reached XP level 4. HP: 35/35 MP: 4/4
  2680 | D:3      | HP: 1/35 [jackal (3)]
  2686 | D:3      | Slain by a jackal

Illustrated notes

Levels and vault maps discovered:
D:1:      dpeg_arrival_rhombi, layout_loops_ring, nicolae_figureground_sparkle
D:2:      layout_basic
D:3:      layout_rooms, fedhas_ov_isle_minmay, hangedman_glass_teeth,
          st_stairs_13

Skill      XL: |  1  2  3 |
---------------+----------+-----
Polearms       | 1 |  1.5
Fighting       | |  3.5
Maces & Flails | |  2.1
Armour         | |  3.5
Dodging        | |  0.8
Stealth        | |  0.1
Shields        | |  3.3

Action                     |  1- 3 |  4- 6 || total
---------------------------+-------+-------++-------
  Melee: Club              |    18 |       ||    18
         Flail             |     2 |       ||     2
         Spear             |    98 |    82 ||   180
 Armour: Scale mail        |    42 |    63 ||   105
  Dodge: Dodged            |    48 |    87 ||   135
  Block: Buckler           |    28 |    38 ||    66
